 Dungeon Crawl Stone Soup version 0.30.0-30-g96aa6591b8 (webtiles) character file.

Game seed: 10624711080491181411

21 AgateBread the Stinger (level 2, -19/23 HPs)
             Began as a Hill Orc Venom Mage on July 1, 2023.
             Killed by an exploding jackal (24 damage)
             ... ignited by their inner flame
             ... on level 2 of the Dungeon.
             The game lasted 00:05:01 (1325 turns).

AgateBread the Stinger (Hill Orc Venom Mage)        Turns: 1325, Time: 00:05:01

Health: -19/23     AC:  2    Str: 10    XL:     2   Next: 83%
Magic:  0/4        EV: 12    Int: 15    God:
Gold:   67         SH:  0    Dex: 11    Spells: 3/4 levels left

rFire   . . .        f - +0 dagger
rCold   . . .        (no shield)
rNeg    . . .        a - +0 robe
rPois   .            (no helmet)
rElec   .            (no cloak)
rCorr   .            (no gloves)
SInv    .            (no boots)
Will    .....        (no amulet)
Stlth   ++           (no ring)
HPRegen 0.23/turn    (no ring)
MPRegen 0.09/turn

%: no passive effects
@: no status effects
A: no striking features
a: no special abilities


You were on level 2 of the Dungeon.
You visited 1 branch of the dungeon, and saw 2 of its levels.

You collected 67 gold pieces.

Inventory:

Hand Weapons
 d - a +0 mace
 f - a +0 dagger (weapon)
Missiles
 m - 6 boomerangs
Armour
 a - a +0 robe (worn)
 k - a +0 scale mail
Magical Staves
 c - a staff of fire
Scrolls
 e - a scroll of identify {unknown}
 j - a scroll of fog
Potions
 b - a potion of magic
 g - a potion of curing {unknown}
 i - 2 potions of attraction {unknown}
 l - a potion of resistance {unknown}


   Skills:
 + Level 1.4 Fighting
 + Level 1.3 Armour
 - Level 1.5 Dodging
 - Level 1.5 Stealth
 - Level 1.5 Spellcasting
 - Level 0.6 Transmutations
 + Level 3.0 Poison Magic


You had 3 spell levels left.
You knew the following spells:

 Your Spells              Type           Power      Damage    Failure   Level
a - Sting                 Tmut/Pois      24%        1d4       11%         1

Your spell library contained the following spells:

 Spells                   Type           Power      Damage    Failure   Level
 Poisonous Vapours        Pois/Air       10%        N/A       19%         2
 Mephitic Cloud           Conj/Pois/Air  4%         N/A       43%         3
 Olgreb's Toxic Radiance  Pois           10%        N/A       54%         4


Dungeon Overview and Level Annotations

Branches:
Dungeon (2/15)

Altars:


Message History

Aiming: Sting (safe; 11% risk of failure)
Press: ? - help, Q - select action, (/) - cycle Shift-Dir - straight line, f - jackal
Aim: a jackal (moderately wounded, 60% to hit)
The sting misses the jackal.
The jackal barely misses you. The jackal closely misses you.
Unknown command.
You hit the jackal but do no damage.
The jackal is moderately wounded.
The jackal bites you. The jackal completely misses you.
Okay, then.
As you read the scroll labelled OZXUTO YSTIAV, it crumbles to dust.
The scroll dissolves into smoke.
It was a scroll of fog.
The jackal bites you but does no damage.
The jackal bites you. The jackal barely misses you. The jackal misses you.
As you read the scroll labelled XYTUURASEB, it crumbles to dust.
The creatures around you are filled with an inner flame!
It was a scroll of immolation.
The jackal barely misses you. The jackal bites you.
You hit the jackal.
Flame seeps out of the jackal.
The jackal is heavily wounded.
The jackal barely misses you. The jackal bites you.
The jackal closely misses you. The jackal bites you.
You hit the jackal but do no damage.
The jackal is moderately wounded.
The jackal closely misses you. The jackal bites you.
* * * LOW HITPOINT WARNING * * *
You hit the jackal.
Flame seeps out of the jackal.
The jackal is severely wounded.
The jackal closely misses you. The jackal barely misses you.
You hit the jackal but do no damage.
The jackal is severely wounded.
The jackal closely misses you. x2; The jackal bites you.
* * * LOW HITPOINT WARNING * * *
The jackal bites you.
* * * LOW HITPOINT WARNING * * *
You hit the jackal.
The jackal explodes!
The fiery explosion engulfs you!!
Ouch! That really hurt!
You die...

##############
#...hhh@ยงยง...#
#.##########.#
#..#.....#.#
#.##.##.##.#
#.....#.##.#
#.##......)#######
#.#########......##
#.# ......'.......#
#.# #######.....$.#


You could see 2 jackals.

Vanquished Creatures
  A dart slug (D:1)
  An endoplasm (D:1)
  A giant cockroach (D:1)
  2 goblins (D:1)
  4 jackals (D:2)
  A quokka (D:1)
  3 ball pythons (D:1)
  3 bats (D:1)
  A kobold (D:2)
17 creatures vanquished.

Notes
Turn   | Place    | Note
-------+----------+-------------------------------------------
     0 | D:1      | AgateBread the Hill Orc Venom Mage began the quest for the
                  | Orb.
     0 | D:1      | Reached XP level 1. HP: 14/14 MP: 3/3
   314 | D:1      | Reached skill level 1 in Fighting
   314 | D:1      | Reached XP level 2. HP: 23/23 MP: 0/4
   570 | D:1      | Reached skill level 1 in Armour
   904 | D:1      | Reached skill level 3 in Poison Magic
  1325 | D:2      | Killed by an exploding jackal... ignited by their inner
                  | flame

Illustrated notes

Levels and vault maps discovered:
D:1:      wander_arrival_peaceful_grave, layout_basic, minmay_misc_feat_roman
D:2:      layout_basic, ebering_ecumenical_altar_petrified,
          minmay_pentomino_pile

Skill      XL: |  1  2 |
---------------+-------+-----
Fighting       | 1 |  1.4
Armour         | 1 |  1.3
Poison Magic   | 3 |  3.0
Dodging        | |  1.5
Stealth        | |  1.5
Spellcasting   | |  1.5
Transmutations | |  0.6

Action                     || total
---------------------------++-------
  Melee: Dagger            ||    21
   Cast: Sting             ||    24
    Use: Scroll            ||     2
 Armour: Robe              ||     7
  Dodge: Dodged            ||    42
